Unix NetHack Version 3.7.0-102 Work-in-progress - last build Apr 6 2024 13:22:21 (d302a6a9ff6341f1a922d8f5af178406b35fdf99,branch:master). Game began 2024-05-02 12:32:16, ended 2024-05-02 12:52:23. farfar, neutral female human Healer ---- ...- -- ....---. ....... ......- .....--- | .......--- --.| ........ -...--- -......- --......| ..%....| ........-- ....G.--- ..*.......| | --- --.......--.............--- ....---- |..<.%..............................- --..Gf............................- ---.G......*..G...................- --.@.....--- ..................| |.......| .........-- | ----.---- .| | -- -- Farfar the Rhizotomist St:9 Dx:8 Co:15 In:12 Wi:18 Ch:16 Neutral S:289 Dlvl:3 $:1488 HP:0(13) Pw:7(7) AC:8 Xp:1/8 T:1408 Latest messages: a doorway or the floor of a room or the dark part of a room or ice (floor of a room) The housecat misses the dwarf. The gnome lord picks up 2 gems. The housecat misses the dwarf. What do you want to use or apply? [cg-jw or ?*] In what direction? Status of the housecat (neutral, small): Level 5 HP 32(33) AC 5, tame. Are you waiting to get hit? Use 'm' prefix to force a no-op (to rest). The housecat misses the dwarf. The housecat bites the gnome. The gnome is killed! The housecat misses the dwarf. The housecat bites the gnome. The gnome misses the housecat. The housecat bites the gnome. The gnome misses the housecat. The gnome hits! The housecat bites the gnome. The gnome is killed! The gnome lord picks up a food ration. The housecat bites the gnome. The gnome is killed! The housecat eats a gnome corpse. The gnome lord hurls an effervescent potion! The effervescent potion misses the housecat. The flask crashes on your head and breaks into shards. The effervescent potion evaporates. Something seems to be holding you. The dwarf escapes upstairs! You can move again. What do you want to use or apply? [cg-jw or ?*] In what direction? Status of the housecat (neutral, small): Level 5 HP 36(39) AC 5, tame, eating. The gnome lord hits! The gnome lord is almost hit by an arrow! The gnome lord picks up an arrow. What do you want to use or apply? [cg-jw or ?*] In what direction? Status of the housecat (neutral, small): Level 5 HP 36(39) AC 5, tame, eating. The gnome is hit by a rock! The gnome is killed! The housecat bites the gnome lord. The gnome lord misses the housecat. The gnome lord hits! You die... Do you want your possessions identified? [ynq] (y) Do you want to see your attributes? [ynq] (y) Do you want an account of creatures vanquished? [ynaq] (y) Do you want to see your conduct and achievements? [ynq] (y) Do you want to see the dungeon overview? [ynq] (y) Inventory: Coins $ - 1488 gold pieces Amulets D - an uncursed amulet of unchanging Weapons z - 8 +0 arrows u - 12 +0 darts p - 11 cursed +0 shuriken a - a +0 scalpel (weapon in right hand) Armor b - an uncursed +1 pair of leather gloves (being worn) Comestibles k - 6 uncursed apples C - 3 uncursed cram rations q - 7 uncursed food rations Scrolls x - an uncursed scroll of destroy armor A - a blessed scroll of enchant armor r - a cursed scroll of teleportation Spellbooks i - a blessed spellbook of extra healing h - a blessed spellbook of healing j - a blessed spellbook of stone to flesh Potions e - 2 blessed potions of extra healing f - 2 uncursed potions of extra healing d - 4 uncursed potions of healing m - a potion of holy water Rings t - a cursed ring of teleportation named seems cursed Wands g - a wand of sleep (0:4) Tools c - an uncursed stethoscope w - a cursed towel Gems/Stones E - an uncursed worthless piece of green glass Farfar the Healer's attributes: Background: You were a Rhizotomist, a level 1 female human Healer. You were neutral, on a mission for Hermes who was opposed by Athena (lawful) and Poseidon (chaotic). You were right-handed. You were in the Gnomish Mines, on level 3. You entered the dungeon 1408 turns ago. You had 8 experience points, 12 more were needed to attain level 2. Your score was 289 before end-of-game adjustments. Basics: You had 0 out of 13 hit points. You had all 7 energy points (spell power). Your armor class was 8. Your wallet contained 1488 zorkmids. Autopickup was off. Final Characteristics: Your strength was 9 (limit:18/100). Your dexterity was 8 (limit:18). Your constitution was 15 (limit:18). Your intelligence was 12 (limit:18). Your wisdom was 18 (limit:18). Your charisma was 16 (limit:18). Final Status: You weren't hungry. You were unencumbered. You were wielding a knife. You had basic skill with knife. Final Attributes: You were fervently aligned. You were poison resistant. You are dead. Miscellaneous: You never encountered a bones level. Total elapsed playing time was 20 minutes and 6 seconds. Major events: Turn 1: farfar the neutral female human Healer entered the dungeon 1385: entered the Gnomish Mines 1408: killed by a gnome lord Vanquished creatures: a giant rat 5 gnomes 2 geckos 2 jackals 2 foxes 3 kobolds 8 grid bugs 4 lichens 5 newts 32 creatures vanquished. No species were genocided or became extinct. Voluntary challenges: You were illiterate. You never engraved Elbereth. You never genocided any monsters. You never polymorphed an object. You never changed form. You used no wishes. Achievement: You entered the Gnomish Mines. The Dungeons of Doom: levels 1 to 5 Level 1: A fountain. Level 2: An altar to Hermes, a fountain, a sink. Stairs down to The Gnomish Mines. Level 3: Level 4: An altar to Hermes, some fountains. Level 5: The Gnomish Mines: Level 3: <- You were here. Final resting place for you, killed by a gnome lord. Game over: ---------- / \ / REST \ / IN \ / PEACE \ / \ | farfar | | 1488 Au | | killed by a | | gnome lord | | | | | | 2024 | *| * * * | * _________)/\\_//(\/(/\)/\//\/|_)_______ Goodbye farfar the Healer... You died in The Gnomish Mines on dungeon level 3 with 284 points, and 1488 pieces of gold, after 1408 moves. You were level 1 with a maximum of 13 hit points when you died.